 Dungeon Crawl Stone Soup version 0.31-a0-1603-gbec6b6ccbf (webtiles) character file.

Game seed: 7745496527733019283

457 jasper the Insei (level 6, -2/38 HPs)
             Began as a Deep Elf Berserker on Jan 7, 2024.
             Was a Believer of Trog.
             Slain by a killer bee zombie (6 damage)
             ... on level 5 of the Dungeon.
             The game lasted 00:07:05 (3735 turns).

jasper the Insei (Deep Elf Berserker)               Turns: 3735, Time: 00:07:05

Health: -2/38      AC: 12    Str: 14    XL:     6   Next: 77%
Magic:  8/8        EV: 12    Int: 12    God:    Trog [**....]
Gold:   172        SH:  0    Dex: 16    Spells: 5/5 levels left

rFire   . .          .
                       - Unarmed
rCold   . . .        (no shield)
rNeg    . . .        h - +0 ring mail
rPois   .            b - +2 hat {Will+}
rElec   .            j - scarf {repulsion}
rCorr   .            r - +1 pair of gloves
SInv    .            i - +2 pair of boots
Will    +....        (no amulet)
Stlth   +            n - ring of flight
HPRegen 0.26/turn    (no ring)
MPRegen 0.11/turn

%: repel missiles
@: lethally poisoned (-2 -> -3), flying
A: no striking features
a: Renounce Religion, Berserk, Trog's Hand


You were on level 5 of the Dungeon.
You worshipped Trog.
Trog was pleased with you.
You visited 1 branch of the dungeon, and saw 5 of its levels.
You also visited: Ossuary.

You collected 172 gold pieces.

Inventory:

Missiles
 d - 2 boomerangs (quivered)
 f - 46 stones
 o - 5 poisoned darts
 s - 2 throwing nets
Armour
 a - a +0 animal skin
 b - a +2 hat of willpower (worn)
 c - a +0 leather armour
 h - a +0 ring mail (worn)
 i - a +2 pair of boots (worn)
 j - a scarf of repulsion (worn)
 p - the +0 ring mail "Tutaleek" {Fly rPois Str+4 Dex-4}
   (You found it on level 3 of the Dungeon)

   Str+4:     It affects your strength (+4).
   Dex-4:     It affects your dexterity (-4).
   rPois:     It protects you from poison Fly: It grants you flight.
 r - a +1 pair of gloves (worn)
Jewellery
 n - a ring of flight (left hand)
Talismans
 k - a flux talisman
Wands
 q - a wand of flame (11)
Potions
 e - 6 potions of curing
 g - 2 potions of attraction
 l - a potion of lignification
 m - a potion of mutation


   Skills:
 + Level 3.8 Fighting
 - Level 1.5 Armour
 + Level 4.8 Dodging
 * Level 4.8 Unarmed Combat


You had 5 spell levels left.
You didn't know any spells.
Your spell library was empty.

Dungeon Overview and Level Annotations

Branches:
Dungeon (5/15)            Ossuary (visited)
 Temple: D:4-7

Altars:
Kikubaaqudgha
Makhleb
Ru
Sif Muna
Uskayaw

Shops:
D:1 *   D:2 [

Annotations:
D:3 3 runed translucent doors, Pickler's ghost, amateur DjFE; SuperJoe's ghost, weakling VSBr; benadryl's ghost, amateur GrFi


Message History

You take 2 damage, and have 23/38 hp.
You closely miss the scorpion.
The scorpion is almost dead.
You feel very sick. The scorpion barely misses you.
You take 2 damage, and have 21/38 hp.
You hit the scorpion.
You kill the scorpion!
Trog accepts your kill.
You feel sick.
The killer bee zombie barely misses you.
You take 1 damage, and have 20/38 hp.
You hit the killer bee zombie.
The killer bee zombie is lightly damaged.
You feel sick. The killer bee zombie hits you.
You take 5 damage, and have 15/38 hp.
You closely miss the killer bee zombie.
The killer bee zombie is lightly damaged.
You feel sick.
The killer bee zombie hits you but does no damage.
The killer bee zombie closely misses you.
You take 2 damage, and have 13/38 hp.
You hit the killer bee zombie but do no damage.
The killer bee zombie is lightly damaged.
You feel sick.
The killer bee zombie closely misses you.
The killer bee zombie barely misses you.
You hit the killer bee zombie.
The killer bee zombie is moderately damaged.
The killer bee zombie hits you but does no damage.
You hit the killer bee zombie.
The killer bee zombie is heavily damaged.
You feel sick. The killer bee zombie hits you.
* * * LOW HITPOINT WARNING * * *
The killer bee zombie hits you.
* * * LOW HITPOINT WARNING * * *
You hit the killer bee zombie.
The killer bee zombie is severely damaged.
You feel sick. The killer bee zombie hits you.
You die...

. ### .# # #..### .# #
##### #.... .. # #.#..
#...# .♣♣ ### #.#.#
#... ... .. #.#.# ##...
♣.♣ .# #.#.# #.#.♣♣..♣
######.#.#####.#@#.♣Z♣
...............#Z#..♣.♣
######)#.#######..Z♣.♣♣
# #.#.........#..♣.♣ #
#.######......#♣♣.♣
######.# #.#.#..# ♣.♣
....##.. ...........
..♣ ##..####
###.#.#..##.. ... ....#
#......# # ##


You could see a killer bee zombie.

Vanquished Creatures
  2 scorpions
  A vampire bat (D:3)
  2 bombardier beetles
  An iguana (D:5)
  2 orc wizards (D:4)
  Terence (D:2)
  5 adders
  An adder zombie (Ossuary)
  2 dart slugs
  A ribbon worm (D:2)
  3 orcs
  7 bats
  3 bat skeletons (D:3)
  3 bat zombies (D:3)
  7 endoplasms
  A giant cockroach (D:3)
  3 gnoll zombies (Ossuary)
  7 goblins
  4 hobgoblins
  3 jackals (D:2)
  5 kobolds
  3 quokkas
  9 ball pythons
  2 frilled lizards (D:1)
  A goblin zombie (Ossuary)
  A hobgoblin zombie (Ossuary)
  3 orc zombies (Ossuary)
  4 rats
87 creatures vanquished.

Notes
Turn   | Place    | Note
-------+----------+-------------------------------------------
     0 | D:1      | jasper the Deep Elf Berserker began the quest for the Orb.
     0 | D:1      | Reached XP level 1. HP: 13/13 MP: 3/3
   106 | D:1      | Reached XP level 2. HP: 16/18 MP: 4/4
   410 | D:1      | Reached ** piety under Trog
   535 | D:1      | Reached XP level 3. HP: 16/22 MP: 5/5
   802 | D:1      | Found Anuez's General Store.
  1113 | D:2      | Identified the +9 whip "Concordance" {chaos, Stlth+}
  1374 | D:2      | Found Taos's Antique Armour Shoppe.
  1558 | D:2      | Noticed Terence
  1571 | D:2      | Killed Terence
  1572 | D:2      | Reached XP level 4. HP: 28/28 MP: 6/6
  2234 | D:3      | Reached XP level 5. HP: 32/32 MP: 7/7
  2235 | D:3      | Identified the +0 ring mail "Tutaleek" {Fly rPois Str+4
                  | Dex-4}
  2338 | D:3      | Found an ancient bone altar of Kikubaaqudgha.
  2521 | D:3      | Found a runed translucent gate.
  2522 | D:3      | Found a runed translucent gate.
  2522 | D:3      | Found a runed translucent gate.
  2523 | D:3      | Noticed benadryl's ghost (amateur GrFi)
  2524 | D:3      | Noticed SuperJoe's ghost (weakling VSBr)
  2524 | D:3      | Noticed Pickler's ghost (amateur DjFE)
  2707 | D:4      | Found a sacrificial altar of Ru.
  2710 | D:4      | Found a hide-covered altar of Uskayaw.
  2819 | D:4      | Reached XP level 6. HP: 37/37 MP: 8/8
  2900 | D:4      | Found a sand-covered staircase.
  2905 | Ossuary  | Entered an ossuary
  3284 | D:4      | Found a shimmering blue altar of Sif Muna.
  3521 | D:5      | Entered Level 5 of the Dungeon
  3639 | D:5      | Found a burning altar of Makhleb.
  3639 | D:5      | Noticed a blizzard demon
  3683 | D:5      | Found the +7 staff of the Meek {protect, meekguard}
  3735 | D:5      | Slain by a killer bee zombie

Illustrated notes

Levels and vault maps discovered:
D:1:      nzn_arrival_settlement, layout_basic, serial_shops,
          nicolae_shop_behind_doors
D:2:      layout_loops_ring, serial_shops, nicolae_shop_dealshenge, uniq_terence
D:3:      layout_basic, kennysheep_vampire_church, gammafunk_ghost_cemetery,
          mrwooster_statue_mirror
D:4:      layout_basic, lemuel_blue_sif_altar, nicolae_overflow_hidden_temple,
          nicolae_ossuary_entry_ruins
D:5:      layout_basic, nicolae_yredelemnul_corpse_copse, kennysheep_little_box,
          makhleb_altar_promises_db, serial_co_window_serial, co_window_paths_b,
          co_window_paths_b, co_window_paths_b, co_window_paths_a,
          co_window_cross_1, co_window_corner_b, co_window_corner_b,
          co_window_2corner, co_window_unsneaky_path_d,
          co_window_unsneaky_path_a, co_window_unsneaky_path_e, glass_columns_b,
          glass_columns_a, glass_columns_b, glass_columns_b, uniq_pikel

Skill      XL: |  1  2  3  4  5 |
---------------+----------------+-----
Unarmed Combat | 3 4 |  4.8
Dodging        | 3 4 |  4.8
Fighting       | 3 |  3.8
Armour         | |  1.5

Action                     |  1- 3 |  4- 6 || total
---------------------------+-------+-------++-------
  Melee: Unarmed           |   185 |   235 ||   420
         Punch             |     7 |     4 ||    11
  Throw: Boomerang         |    13 |    12 ||    25
 Invoke: Berserk           |     2 |     4 ||     6
         Trog's Hand       |       |     1 ||     1
    Use: Scroll            |     5 |     6 ||    11
 Armour: Leather armour    |    29 |       ||    29
         Animal skin       |     2 |       ||     2
         Ring mail         |    69 |   209 ||   278
  Dodge: Dodged            |   137 |   239 ||   376
         Repelled          |     1 |     1 ||     2

Table legend: (Time is in decaauts)
 A = Elapsed time spent in this place.
 B = Non-inter-level travel time spent in this place.
 C = Inter-level travel time spent in this place.
 D = Time resting spent in this place.
 E = Time spent auto-exploring this place.
 F = Levels seen in this place.
 G = Mean time per level.
                   A        B        C        D        E       F      G
               +--------+--------+--------+--------+--------+-----+--------+
         Total |   3764 |   3651 |    113 |    500 |   2075 |   6 |  627.3 |
       Dungeon |   3649 |   3536 |    113 |    500 |   2074 |   5 |  729.8 |
       Ossuary |    114 |    114 |      0 |      0 |      1 |   1 |  114.0 |
               +--------+--------+--------+--------+--------+-----+--------+

Top non-repeatable levels by time:
     D:2: 985 daAuts
     D:3: 862 daAuts
     D:1: 856 daAuts
     D:4: 727 daAuts
     D:5: 218 daAuts
 Ossuary: 114 daAuts
